 Dungeon Crawl Stone Soup version 0.21-a0-401-g0b6bec4 (webtiles) character file.

1659 Ireaine the Skirmisher (level 8, 0/64 HPs)
             Began as a Demonspawn Berserker on Oct 24, 2017.
             Was an Elder of Trog.
             Slain by a wight
             ... wielding a cursed +0 morningstar
              (6 damage)
             ... on level 7 of the Dungeon on Oct 25, 2017.
             The game lasted 00:44:12 (5949 turns).

Ireaine the Skirmisher (Demonspawn Berserker)       Turns: 5949, Time: 00:44:12

Health: 0/64       AC:  7    Str: 19    XL:     8   Next: 68%
Magic:  17/17      EV: 11    Int:  8    God:    Trog [****..]
Gold:   299        SH:  6    Dex: 14    Spells: 7/7 levels left

rFire    . . .     SeeInvis .   t - +5 halberd (freeze)
rCold    + . .     Gourm    .   (shield currently unavailable)
rNeg     . . .     Faith    .   n - +1 scale mail
rPois    .         Spirit   .   (no helmet)
rElec    .         Reflect  .   (no cloak)
rCorr    .         Harm     .   (no gloves)
MR       +....                  (no boots)
Stlth    ++........             (no amulet)
HPRegen  0.20/turn              h - ring of magical power
MPRegen  0.15/turn              o - ring of protection from magic

@: about to teleport, heavily drained
A: claws 1, hooves 1, large bone plates 2, blink, cold resistance 1,
nightstalker 2, freezing cloud immunity
a: Blink, Berserk, Trog's Hand, Brothers in Arms, Burn Spellbooks, Renounce
Religion


You were on level 7 of the Dungeon.
You worshipped Trog.
Trog was greatly pleased with you.
You were not hungry.

You visited 1 branch of the dungeon, and saw 7 of its levels.

You collected 299 gold pieces.

Inventory:

Hand Weapons
 a - a +0 hand axe
 t - a +5 halberd of freezing (weapon)
Missiles
 j - 3 tomahawks (quivered)
Armour
 d - a +2 shield
 n - a +1 scale mail (worn)
Jewellery
 h - a ring of magical power (left claw)
 o - a ring of protection from magic (right claw)
Wands
 b - a wand of lightning (5/15)
Scrolls
 f - 3 scrolls of teleportation
Potions
 g - a potion of invisibility
 i - a potion of ambrosia {unknown}
 k - a potion of magic
 p - a potion of berserk rage
 r - a potion of cancellation {unknown}
 s - a potion of flight
Comestibles
 c - 5 bread rations


   Skills:
 + Level 5.8(4.3) Fighting
 - Level 5.2(3.9) Axes
 + Level 2.0(2.4) Polearms
 + Level 4.6(3.2) Armour
 + Level 4.5(3.1) Dodging
 - Level 1.0(0.0) Stealth
 + Level 3.7(2.3) Shields


You had 7 spell levels left.
You didn't know any spells.

Dungeon Overview and Level Annotations

Branches:
Dungeon (7/15)
 Temple: D:4-7

Altars:
Ashenzari
Cheibriados
Elyvilon
Gozag
Okawaru
Sif Muna
Vehumet
Xom
Yredelemnul
Zin


Innate Abilities, Weirdness & Mutations

You have large cloven feet.
You are mostly covered in large bone plates. (SH +6)
Your flesh is cold resistant. (rC+)
You are significantly more attuned to the shadows.
You are immune to freezing clouds.
You have sharp fingernails.
You can translocate small distances at will.


Message History

You puncture the wight!
The wight is almost destroyed.
The wight completely misses you. The wight misses you.
You feel better. The wight hits you with a morningstar!
You feel drained. The wight hits you but does no damage.
The wight hits you with a battleaxe.
You feel drained.
You slash the wight!
You destroy the wight!
Trog accepts your kill.
Your Polearms skill increases to level 2!
The wight barely misses you.
You closely miss the wight. You block the wight's attack.
You completely miss the wight. Your kick misses the wight.
The wight hits you with a morningstar!
* * * LOW HITPOINT WARNING * * *
You feel drained.
* * * LOW HITPOINT WARNING * * *
As you read the scroll of teleportation, it crumbles to dust.
You feel strangely unstable. The wight hits you with a morningstar.
You die...

## .#
########.##.
......>.....
#.@z..#
#.))..#
###)#.# #.#
...
####.###..
#.........
#<##......
#.#...#.##
##.#...#...


You could see a wight.

Vanquished Creatures
  2 ice beasts (D:5)
  A sky beast (D:6)
  2 ogres
  A centaur (D:6)
  A howler monkey (D:6)
  7 wights
  A centaur zombie (D:4)
  4 crimson imps
  4 orc priests
  A bullfrog skeleton (D:6)
  A hound (D:5)
  A jelly (D:5)
  3 orc wizards
  5 worker ants
  A hound skeleton (D:4)
  10 adders
  A shadow imp (D:2)
  3 oozes
  4 worms
  3 dart slugs
  2 leopard geckos
  14 orcs
  5 giant cockroaches
  5 goblins
  5 hobgoblins
  9 jackals
  3 quokkas
  A ball python (D:4)
  4 bats
  10 frilled lizards
  7 kobolds
  7 rats
128 creatures vanquished.

Vanquished Creatures (others)
  A hound (D:6)
  A jackal (D:6)
2 creatures vanquished.

Grand Total: 130 creatures vanquished

Notes
Turn   | Place    | Note
-------+----------+-------------------------------------------
     0 | D:1      | Ireaine the Demonspawn Berserker began the quest for the Orb.
     0 | D:1      | Reached XP level 1. HP: 18/18 MP: 1/1
   196 | D:1      | Gained mutation: You are partially covered in large bone plates. (SH +4) [demonic ancestry]
   196 | D:1      | Reached XP level 2. HP: 22/24 MP: 2/2
   680 | D:1      | Gained mutation: You can translocate small distances at will. [potion of mutation]
   680 | D:1      | Gained mutation: You have sharp fingernails. [potion of mutation]
   793 | D:2      | Reached ** piety under Trog
   795 | D:2      | Gained mutation: You are mostly covered in large bone plates. (SH +6) [demonic ancestry]
   795 | D:2      | Reached XP level 3. HP: 29/29 MP: 3/3
  1561 | D:2      | Gained mutation: You have large cloven feet. [demonic ancestry]
  1561 | D:2      | Reached XP level 4. HP: 29/36 MP: 4/4
  2247 | D:3      | Found a basalt altar of Yredelemnul.
  2253 | D:3      | Found an opulent altar of Gozag.
  2277 | D:3      | Found a snail-covered altar of Cheibriados.
  2287 | D:3      | Found a deep blue altar of Sif Muna.
  2297 | D:3      | Found a white marble altar of Elyvilon.
  2307 | D:3      | Found a shattered altar of Ashenzari.
  2316 | D:3      | Found a glowing silver altar of Zin.
  2652 | D:3      | Gained mutation: Your flesh is cold resistant. (rC+) [demonic ancestry]
  2652 | D:3      | Reached XP level 5. HP: 42/42 MP: 5/5
  2820 | D:4      | Reached *** piety under Trog
  2820 | D:4      | Reached skill level 1 in Stealth
  3165 | D:5      | Entered Level 5 of the Dungeon
  3176 | D:4      | Noticed an ogre
  3187 | D:4      | Killed an ogre
  3187 | D:4      | Reached skill level 1 in Shields
  3187 | D:4      | Gained mutation: You are immune to freezing clouds. [demonic ancestry]
  3187 | D:4      | Reached XP level 6. HP: 35/48 MP: 6/6
  4080 | D:5      | Found a radiant altar of Vehumet.
  4163 | D:5      | Gained mutation: You are slightly more attuned to the shadows. [demonic ancestry]
  4163 | D:5      | Reached XP level 7. HP: 49/55 MP: 7/7
  4207 | D:5      | Found an iron altar of Okawaru.
  4511 | D:6      | Found a shimmering altar of Xom.
  4543 | D:6      | Reached skill level 5 in Fighting
  4543 | D:6      | Reached skill level 5 in Axes
  4577 | D:5      | Gained mutation: You are significantly more attuned to the shadows. [demonic ancestry]
  4577 | D:5      | Reached XP level 8. HP: 31/62 MP: 8/8
  4682 | D:5      | Reached **** piety under Trog
  5667 | D:6      | Reached skill level 1 in Polearms
  5949 | D:7      | Slain by a wight

Vault maps used:
D:1:      elethiomel_arrival_maze
D:3:      grunt_temple_overflow_octagram, first_bread
D:5:      nicolae_overflow_hidden_temple, solitary_fountain
D:6:      minmay_temple_entry_glassed_door, xom_confusion_cloud
D:7:      gup_ossuary_entry_pyramid, the_bakery, nicolae_for_you_no_charge

Skill      XL: |  1  2  3  4  5  6  7  8 |
---------------+-------------------------+-----
Axes           | 3 4 5 |  5.2
Armour         | 2 3 4 |  4.6
Dodging        | 2 3 4 |  4.5
Stealth        | 1 |  1.0
Fighting       | 4 5 |  5.8
Shields        | 1 2 3 |  3.7
Polearms       | 2 |  2.0

Action                   |  1- 3 |  4- 6 |  7- 9 || total
-------------------------+-------+-------+-------++-------
Melee: Hand axe          |   101 |   211 |   107 ||   419
       Kick              |       |    64 |    51 ||   115
       Halberd           |       |       |    83 ||    83
Invok: Berserk           |     1 |     2 |     1 ||     4
Evoke: Wand              |       |       |     1 ||     1
  Use: Scroll            |     9 |     7 |     4 ||    20
       Potion            |     4 |     1 |     4 ||     9
 Stab: Sleeping          |     2 |       |       ||     2
  Eat: Bread ration      |     1 |       |       ||     1
       Chunk             |       |     2 |       ||     2
       Fruit             |       |     4 |       ||     4
       Meat ration       |       |     1 |     1 ||     2
       Royal jelly       |       |       |     1 ||     1
Armor: Animal skin       |    10 |       |       ||    10
       Leather armour    |    10 |     4 |       ||    14
       Scale mail        |       |    48 |    48 ||    96
       Skin              |       |       |     6 ||     6
Dodge: Dodged            |    53 |    82 |    76 ||   211
Block: Other             |    16 |    25 |    34 ||    75
       Shield            |       |    94 |   130 ||   224

Table legend:
 A = Spawn XP
 B = Non-spawn XP
 C = Spawn XP percentage of total XP
 D = Spawn monster count
 E = Non-spawn monster count
 F = Spawn count percentage of total count
 G = Total turns spent on level
                    A         B        C        D         E        F      G
               +---------+---------+-------+---------+---------+-------+---------
         Total |       0 |    2370 |   0.0 |       0 |     128 |   0.0 |  5949
               +---------+---------+-------+---------+---------+-------+---------
           D:1 |       0 |      38 |   0.0 |       0 |      21 |   0.0 |   779
           D:2 |       0 |      77 |   0.0 |       0 |      20 |   0.0 |  1115
           D:3 |       0 |      70 |   0.0 |       0 |      21 |   0.0 |   863
           D:4 |       0 |     387 |   0.0 |       0 |      16 |   0.0 |  1043
           D:5 |       0 |     603 |   0.0 |       0 |      20 |   0.0 |  1580
           D:6 |       0 |    1010 |   0.0 |       0 |      26 |   0.0 |   533
           D:7 |       0 |     185 |   0.0 |       0 |       4 |   0.0 |    36
               +---------+---------+-------+---------+---------+-------+---------
